 Dungeon Crawl Stone Soup version 0.24-a0-280-g7cec4da (webtiles) character file.

196908 Gorfmaster the Bludgeoner (level 17, -30/166 HPs)
             Began as a Minotaur Chaos Knight on Nov 22, 2018.
             Was a Plaything of Xom.
             Killed from afar by an Ice Fiend (50 damage)
             ... with a bolt of cold
             ... in an ice cave on May 12, 2019.
             The game lasted 01:56:46 (30786 turns).

Gorfmaster the Bludgeoner (Minotaur Chaos Knight)  Turns: 30786, Time: 01:56:50

Health: -30/166    AC: 34    Str: 35      XL:     17   Next: 76%
Magic:  16/16      EV: 21    Int: 16 (17) God:    Xom [*.....]
Gold:   1964       SH:  0    Dex: 22      Spells: 16/16 levels left

rFire    + + .     SeeInvis +   L - +7 great mace "Firestarter" {inner flame, rF++}
rCold    . . .     Gourm    +   (shield currently unavailable)
rNeg     + + +     Faith    .   b - +3 plate armour
rPois    +         Spirit   .   (helmet restricted)
rElec    .         Reflect  .   O - +2 cloak
rCorr    +         Harm     .   o - +1 pair of gloves "Vysut" {MR++ Str+2 Int+4 Stlth-}
MR       +++++                  x - +0 pair of boots "Moopsybu" {rCorr Dex+7}
Stlth    ..........             T - amulet of Fassozxa {Gourm rF- Str+7}
HPRegen  0.37/turn              S - ring of the Salmon {rN+++ MR+ Str+5 Int-2 SInv}
MPRegen  0.15/turn              q - ring "Wuotran" {rCorr rPois Int+6}

@: cleaving
A: retaliatory headbutt, beak, horns 2, talons 2, iridescent scales 1, rugged
brown scales 1, yellow scales 1, agile 1, deterioration 1, fire resistance 1,
magic resistance 2, mutation resistance 1, wild magic 1, MP-powered wands
}: 1/15 runes: serpentine
a: Renounce Religion


You were in an ice cave.
You worshipped Xom.
You were a special plaything of Xom.
You were full.

You visited 5 branches of the dungeon, and saw 28 of its levels.
You also visited: Bailey and Ice Cave.

You collected 1964 gold pieces.

Inventory:

Hand Weapons
 s - the +10 dark maul {crush}
   (You found it on level 4 of the Lair of Beasts)

   It inflicts extra damage upon your enemies.
 C - a +4 battleaxe
 F - a +3 war axe
 I - a +3 scimitar of flaming
 K - the +4 war axe of the Traitor {elec, rF+ Int-4 Dex+4}
   (You found it on level 9 of the Dungeon)

   Occasionally, upon striking a foe, it will discharge some electrical energy
   and cause terrible harm.
   It affects your intelligence (-4).
   It affects your dexterity (+4).
   It protects you from fire.
 L - the +7 great mace "Firestarter" (weapon) {inner flame, rF++}
   (You found it on level 9 of the Dungeon)

   It has been specially enchanted to burn those struck by it, causing extra
   injury to most foes and up to half again as much damage against particularly
   susceptible opponents.
   It greatly protects you from fire.
Armour
 b - a +3 plate armour (worn)
 h - a scarf of repulsion
 o - the +1 pair of gloves "Vysut" (worn) {MR++ Str+2 Int+4 Stlth-}
   (You found it on level 6 of the Dungeon)

   It affects your strength (+2).
   It affects your intelligence (+4).
   It affects your resistance to hostile enchantments.
   It makes you less stealthy.
 t - a +3 leather armour of poison resistance
 x - the +0 pair of boots "Moopsybu" (worn) {rCorr Dex+7}
   (You found it on level 5 of the Dungeon)

   It affects your dexterity (+7).
   It provides partial protection from all sources of acid and corrosion.
 O - a +2 cloak (worn)
Jewellery
 a - an uncursed amulet of guardian spirit
 f - an uncursed ring of protection from fire
 l - the ring of Doubts {+Fly rC+ Dex+3}
   (Xom gifted it to you on level 1 of the Lair of Beasts)

   [ring of protection from cold]

   It affects your dexterity (+3).
   It protects you from cold.
   It lets you fly.
 q - the ring "Wuotran" (right hand) {rCorr rPois Int+6}
   (You acquired it in a bailey)

   [ring of resist corrosion]

   It affects your intelligence (+6).
   It protects you from poison.
 u - a +3 amulet of reflection
 J - the ring of Iptoakle {rElec rC- rN+++ AC+3 Int-4}
   (You found it on level 9 of the Dungeon)

   [ring of protection]

   It affects your AC (+3).
   It affects your intelligence (-4).
   It makes you vulnerable to cold.
   It insulates you from electricity.
   It renders you almost immune to negative energy.
 S - the ring of the Salmon (left hand) {rN+++ MR+ Str+5 Int-2 SInv}
   (You found it on level 11 of the Dungeon)

   [ring of see invisible]

   It affects your strength (+5).
   It affects your intelligence (-2).
   It renders you almost immune to negative energy.
   It affects your resistance to hostile enchantments.
   It lets you see invisible.
 T - the amulet of Fassozxa (around neck) {Gourm rF- Str+7}
   (Xom gifted it to you on level 6 of the Lair of Beasts)

   [amulet of the gourmand]

   It allows you to eat raw meat even when not hungry.
   It affects your strength (+7).
   It makes you vulnerable to fire.
 W - an uncursed ring of protection from fire
Wands
 B - a wand of flame (33)
 N - a wand of iceblast (13)
Scrolls
 i - 13 scrolls of teleportation
 w - 3 scrolls of acquirement
 y - 6 scrolls of amnesia
 z - 2 scrolls of blinking
 A - 7 scrolls of enchant armour
 E - 6 scrolls of enchant weapon
 H - a scroll of holy word {unknown}
 M - 3 scrolls of magic mapping
 Q - 8 scrolls of remove curse
 R - a scroll of fog {unknown}
 Y - a scroll of summoning
 Z - 12 scrolls of identify
Potions
 d - 4 potions of berserk rage
 e - 3 potions of cancellation
 g - 3 potions of resistance
 j - 19 potions of curing
 k - 2 potions of agility
 m - 3 potions of haste
 n - 6 potions of lignification
 p - 7 potions of magic
 r - 2 potions of invisibility
 v - 3 potions of might
 D - 2 potions of brilliance
 G - 5 potions of flight
 P - 3 potions of ambrosia
 U - 5 potions of heal wounds
 V - 2 potions of mutation
Comestibles
 c - 46 rations


   Skills:
 * Level 17.4 Fighting
 - Level 11.2(17.1) Axes
 - Level 20.7(21.4) Maces & Flails
 - Level 17.0 Armour
 - Level 15.3 Dodging


You had 16 spell levels left.
You didn't know any spells.
Your spell library contained the following spells:

 Spells                   Type           Power        Failure   Level  Hunger
 Apportation              Tloc           #.....       77%         1    ##.....
 Beastly Appendage        Tmut           #.....       77%         1    ##.....
 Corona                   Hex            #......      77%         1    ##.....
 Magic Dart               Conj           #...         77%         1    ##.....
 Summon Butterflies       Summ           #.......     77%         1    ##.....
 Blink                    Tloc           N/A          88%         2    ###....
 Call Imp                 Summ           #.......     88%         2    ###....
 Ensorcelled Hibernation  Hex/Ice        #.....       88%         2    ###....
 Passwall                 Tmut/Erth      #.......     88%         2    ###....
 Searing Ray              Conj           #.....       88%         2    ###....
 Slow                     Hex            #.......     88%         2    ###....
 Confuse                  Hex            #.......     98%         3    ####...
 Conjure Flame            Conj/Fire      #.......     98%         3    ####...
 Dazzling Spray           Conj/Hex       #.....       98%         3    ####...
 Inner Flame              Hex/Fire       #.......     98%         3    ####...
 Lesser Beckoning         Tloc           #.........   98%         3    ####...
 Mephitic Cloud           Conj/Pois/Air  #.......     98%         3    ####...
 Portal Projectile        Hex/Tloc       #.....       98%         3    ####...
 Tukima's Dance           Hex            #.......     98%         3    ####...
 Cause Fear               Hex            #.........   100%        4    #####..
 Force Lance              Conj/Tloc      #.......     100%        4    #####..
 Fulminant Prism          Conj/Hex       #.........   100%        4    #####..
 Iskenderun's Mystic Bla  Conj           #.......     100%        4    #####..
 Leda's Liquefaction      Hex/Erth       #.........   100%        4    #####..
 Alistair's Intoxication  Tmut/Pois      #.......     100%        5    ######.
 Blade Hands              Tmut           #.........   100%        5    ######.
 Bolt of Magma            Conj/Fire/Erth #.........   100%        5    ######.
 Iskenderun's Battlesphe  Conj/Chrm      #.......     100%        5    ######.
 Venom Bolt               Conj/Pois      #.........   100%        5    ######.
 Yara's Violent Unravell  Hex/Tmut       #.........   100%        5    ######.
 Invisibility             Hex            #.......     100%        6    #######
 Iron Shot                Conj/Erth      #.........   100%        6    #######
 Statue Form              Tmut/Erth      #........    100%        6    #######
 Orb of Destruction       Conj           #.........   100%        7    #######
 Spellforged Servitor     Conj/Summ      #.........   100%        7    #######


Dungeon Overview and Level Annotations

Branches:
Dungeon (15/15)            Temple (1/1) D:5            Lair (6/6) D:9
  Swamp (2/4) Lair:2        Snake (4/4) Lair:4        Slime (0/5) Lair:6
    Orc (0/2) D:10         Vaults (0/5) D:13         Depths (0/5) D:15

Altars:
Cheibriados
Elyvilon
Gozag
Hepliaklqana
Kikubaaqudgha
Makhleb
Nemelex Xobeh
Okawaru
Qazlal
Ru
Trog
Uskayaw
Vehumet
Xom

Shops:
D:5 (   D:14 *   D:15 ?   Snake:1 [   Snake:3 :

Portals:
Trove: D:12 (give +3 gold dragon scales)

Annotations:
D:4 1 runed door, Dfrag's ghost, amateur NaFE
D:14 3 runed doors, Usmiu's ghost, journeyman GnWn
Snake:2 3 runed doors, JerikTelorian's ghost, journeyman MiBe


Innate Abilities, Weirdness & Mutations

You reflexively headbutt those who attack you in melee.
You have a pair of horns on your head.
You have a beak for a mouth.
You have razor-sharp toenails.
You are partially covered in iridescent scales. (AC +2)
You are partially covered in rugged brown scales. (AC +1, +3% HP)
You are partially covered in yellow scales. (AC +2)
You are agile. (Dex +2)
Your body sometimes deteriorates upon taking damage.
Your flesh is heat resistant. (rF+)
You are highly resistant to hostile enchantments. (MR++)
You are somewhat resistant to further mutation.
Your spells are a little harder to cast, but a little more powerful.
You expend magic power (3 MP) to strengthen your wands.


Message History

The dire elephant simulacrum is engulfed in blazing flames.
You hit the Ice Fiend. You burn the Ice Fiend.
The Ice Fiend is filled with an inner flame.
You peck the Ice Fiend, but do no damage.
The Ice Fiend is moderately wounded.
The Ice Fiend is engulfed in blazing flames.
The Ice Fiend gestures at you. The bolt of cold hits you.
* * * LOW HITPOINT WARNING * * *
You hear a sizzling sound!
You hit the Ice Fiend but do no damage.
You headbutt the Ice Fiend, but do no damage.
You peck the Ice Fiend, but do no damage.
The Ice Fiend is heavily wounded.
The dire elephant simulacrum is engulfed in blazing flames.
The Ice Fiend is engulfed in blazing flames.
The Ice Fiend gestures at you. The bolt of cold hits you!!!
You die...
Xom cackles wildly!

≈≈≈≈≈≈≈ ≈≈#≈≈#
≈≈≈##### #
≈≈##...### .#
≈#≈..##..## ...
≈≈.#####..# ....
#### #..########
....#
#..#...##§§§##...#
#######...##@1Z#
##########


You could see an Ice Fiend (inner flame) and a dire elephant simulacrum.

Vanquished Creatures
  Vashnia (Snake:2)
  Nikola (Snake:2)
  Rupert (D:15)
  Kirke (D:15)
  A thorn hunter (Swamp:2)
  Roxanne (Swamp:1)
  10 nagarajas
  An ironheart preserver (D:13)
  The ghost of Firecrotchwizard the Severer, a journeyman HOFi of Beogh (Lair:4)
  The ghost of Shayle the Destroyer, a journeyman DsCj of Vehumet (Lair:4)
  A dire elephant (D:15)
  The ghost of Pooter the Fighter, a journeyman MiFi of Okawaru (Lair:1)
  The ghost of TwoGrow the Fighter, a journeyman MfSu of Dithmenos (Lair:4)
  7 hydras
  16 naga warriors
  An ice dragon (D:9)
  A great orb of eyes (D:15)
  2 centaur warriors
  7 anacondas
  3 catoblepae (Lair:6)
  A death knight (D:13)
  Erica (D:9)
  A tengu warrior (D:14)
  3 two-headed ogres
  6 death yaks (Lair:6)
  A dancing weapon (Snake:3)
  10 alligators
  Urug (D:13)
  14 naga sharpshooters
  Sonja (D:13)
  7 shock serpents
  3 salamander mystics
  A swamp dragon (Swamp:2)
  9 naga ritualists
  2 unseen horrors
  8 mana vipers
  A wolf spider (D:15)
  2 orc knights (Bailey)
  5 ugly things
  4 manticores
  22 salamanders
  8 oklob plants
  4 cyclopes
  2 guardian serpents (Snake:3)
  19 elephants
  Joseph (D:7)
  Psyche (D:8)
  An ice statue (IceCv)
  11 spiny frogs
  31 naga magi
  2 torpor snails (Lair:2)
  3 centaur zombies
  28 black mambas
  3 gargoyles
  5 komodo dragons
  3 anaconda simulacra (IceCv)
  5 rime drakes
  9 freezing wraiths
  5 ice devils (IceCv)
  A polar bear (shapeshifter) (D:14)
  A polar bear (Lair:5)
  A tyrant leech (Swamp:1)
  A jumping spider (shapeshifter) (D:13)
  A wolf spider simulacrum (IceCv)
  3 slime creatures (Swamp:1)
  A raiju (shapeshifter) (D:15)
  A meliai zombie (D:13)
  2 hornets
  10 blink frogs
  3 bog bodies
  14 dream sheep
  9 hippogriffs
  2 shadows
  2 spriggans
  A water elemental (D:13)
  3 hogs (D:15)
  4 wyverns
  2 wraiths
  42 yaks
  Grum (D:11)
  2 dire elephant simulacra (IceCv)
  4 basilisks
  4 hungry ghosts
  2 vampire mosquitoes (Swamp:2)
  4 harpy simulacra (IceCv)
  6 swamp worms (Swamp:1)
  49 nagas
  3 insubstantial wisps (Swamp:1)
  3 acid dragons
  10 water moccasins
  4 hydra simulacra (IceCv)
  A floating eye (Snake:2)
  8 porcupines
  11 orc warriors
  2 sky beasts
  Duvessa (D:4)
  7 swamp drakes
  3 ice beasts
  An ettin simulacrum (IceCv)
  4 phantoms
  9 ogres
  A black bear (D:10)
  4 wolves (D:11)
  12 centaurs
  4 necrophages
  14 crocodiles
  3 big kobolds
  14 bullfrogs
  Dowan (D:4)
  4 scorpions
  4 wights (D:11)
  25 killer bees
  A swamp dragon simulacrum (IceCv)
  4 howler monkeys
  3 electric eels (D:13)
  6 crimson imps
  A bullfrog zombie (D:11)
  7 jellies
  4 hounds
  7 orc priests
  4 orc wizards
  2 bullfrog skeletons
  3 iguanas
  12 worker ants
  2 troll simulacra (IceCv)
  A wolf simulacrum (IceCv)
  2 hound zombies
  8 gnolls
  Robin (D:2)
  13 adders
  2 howler monkey skeletons
  6 naga simulacra (IceCv)
  An ogre simulacrum (IceCv)
  8 shadow imps
  6 white imps (IceCv)
  An ufetubus (IceCv)
  2 oozes
  2 adder skeletons
  An adder zombie (D:8)
  3 worms
  4 leopard geckos
  71 orcs
  A ball python (D:1)
  5 giant cockroaches
  12 goblins
  11 hobgoblins
  6 jackals
  15 kobolds
  A quokka (shapeshifter) (D:5)
  3 quokkas
  A bat (shapeshifter) (D:4)
  8 bats
  3 frilled lizards
  A giant cockroach zombie (D:5)
  2 jackal skeletons
  A leopard gecko skeleton (D:4)
  2 quokka skeletons (D:4)
  6 rats
  3 briar patches (Swamp:2)
  2 fungi
  7 plants
910 creatures vanquished.

Vanquished Creatures (collateral kills)
  An anaconda (Snake:4)
  Pikel (D:7)
  A guardian serpent (Snake:4)
  2 slaves (D:7)
  2 orc warriors (Bailey)
  2 worms (D:2)
  3 orcs (Bailey)
  A quokka skeleton (D:7)
13 creatures vanquished.

Vanquished Creatures (others)
  A naga warrior (Snake:3)
  A salamander (Snake:3)
  A centaur skeleton (D:15)
  A yak (Lair:6)
  A worker ant zombie (D:7)
  4 white imps (IceCv)
  An ufetubus (IceCv)
  An orc (Bailey)
  3 fungi
  10 plants
  4 withered plants
28 creatures vanquished.

Grand Total: 951 creatures vanquished

Notes
Turn   | Place    | Note
-------+----------+-------------------------------------------
     0 | D:1      | Gorfmaster the Minotaur Chaos Knight began the quest for
                  | the Orb.
     0 | D:1      | Reached XP level 1. HP: 19/19 MP: 0/0
   184 | D:1      | XOM: harmless Tloc miscast
   221 | D:1      | XOM: harmless Summ miscast
   231 | D:1      | Reached XP level 2. HP: 10/26 MP: 1/1
   381 | D:1      | XOM: divination: magic mapping
   706 | D:2      | XOM: 1-stop teleportation journey
   725 | D:2      | XOM: summons 2 friendly demons
   755 | D:2      | Reached skill level 5 in Axes
   824 | D:2      | Reached XP level 3. HP: 23/31 MP: 2/2
   899 | D:2      | Noticed Robin
   911 | D:2      | XOM: give mutations
   911 | D:2      | Gained mutation: Your mind is acute. (Int +2) [Xom's grace]
   911 | D:2      | Gained mutation: Your mind is very acute. (Int +4) [Xom's
                  | grace]
   911 | D:2      | Gained mutation: You evolve. [Xom's grace]
  1035 | D:2      | Killed Robin
  1035 | D:2      | Reached XP level 4. HP: 35/39 MP: 3/3
  1174 | D:3      | XOM: polymorph leopard gecko -> frilled lizard
  1617 | D:3      | Found an iron altar of Okawaru.
  1810 | D:3      | XOM: cloud trail
  2037 | D:3      | Upgraded the game from 0.23-a0-451-g1044d4c to
                  | 0.23-a0-455-ge12115f
  2086 | D:4      | Reached XP level 5. HP: 38/45 MP: 4/4
  2092 | D:4      | XOM: potion effect (heal wounds)
  2113 | D:4      | Noticed a phantom
  2115 | D:4      | XOM: confuse monster(s)
  2139 | D:4      | XOM: potion effect (agility)
  2153 | D:4      | Killed a phantom
  2153 | D:4      | Reached XP level 6. HP: 30/51 MP: 5/5
  2250 | D:4      | Noticed Duvessa
  2287 | D:4      | XOM: smoke on damage
  2292 | D:4      | XOM: enchant monster (good)
  2337 | D:4      | Killed Duvessa
  2355 | D:4      | Noticed Dowan
  2367 | D:4      | XOM: enchant monster (bad)
  2378 | D:4      | Killed Dowan
  2545 | D:4      | XOM: divination: detect creatures
  2549 | D:4      | Reached XP level 7. HP: 38/57 MP: 6/6
  2724 | D:4      | Found a runed door.
  2725 | D:4      | Noticed Dfrag's ghost (amateur NaFE)
  2776 | D:4      | XOM is BORED!
  2776 | D:4      | XOM: harmless Tmut miscast
  2788 | D:4      | XOM: harmless Hex miscast
  2807 | D:4      | Reached skill level 10 in Axes
  2827 | D:4      | XOM: harmless Air miscast
  2909 | D:4      | XOM: divination: magic mapping
  3000 | D:4      | Found an ancient bone altar of Kikubaaqudgha.
  3346 | D:5      | Entered Level 5 of the Dungeon
  3375 | D:5      | Found a staircase to the Ecumenical Temple.
  3391 | Temple   | Entered the Ecumenical Temple
  3409 | D:5      | XOM: mild Fire miscast
  3475 | D:5      | XOM: harmless Ice miscast
  3510 | D:5      | XOM: swap monsters
  3717 | D:5      | Got a pair of shimmering boots
  3723 | D:5      | Identified the +0 pair of boots "Moopsybu" {rCorr Dex+7}
                  | (You found it on level 5 of the Dungeon)
  3788 | D:5      | Found Kaixann's Weapon Emporium.
  3835 | D:5      | XOM: confusion (+ monsters)
  3909 | D:5      | Found a hazy altar of Hepliaklqana.
  3951 | D:6      | Reached XP level 8. HP: 51/67 MP: 7/7
  3988 | D:6      | Reached skill level 5 in Fighting
  4133 | D:6      | XOM: harmless Conj miscast
  4245 | D:6      | Got a pair of encrusted gloves
  4251 | D:6      | Identified the +1 pair of gloves "Vysut" {MR++ Str+2 Int+4
                  | Stlth-} (You found it on level 6 of the Dungeon)
  4540 | D:7      | XOM: cloud trail
  4541 | D:7      | XOM: enchant monster (good)
  4737 | D:7      | Gained mutation: You tend to lose your temper in combat.
                  | [evolution]
  4786 | D:7      | Noticed Pikel
  4793 | D:7      | XOM: confuse monster(s)
  4809 | D:7      | Killed Pikel
  4809 | D:7      | Reached skill level 10 in Fighting
  4809 | D:7      | Reached XP level 9. HP: 74/85 MP: 8/8
  4913 | D:7      | Noticed Joseph
  4918 | D:7      | XOM: divination: detect creatures
  4923 | D:7      | XOM: summons friendly crimson imp
  4932 | D:7      | Killed Joseph
  4932 | D:7      | Reached skill level 5 in Armour
  5001 | D:7      | Found a stormy altar of Qazlal.
  5083 | D:7      | XOM: scenery: create altars
  5106 | D:7      | XOM: fog
  5171 | D:7      | XOM: god gift: glowing battleaxe {god gift}
  5255 | D:8      | Gained mutation: You do not regenerate when monsters are
                  | visible. [evolution]
  5270 | D:8      | Noticed Psyche
  5276 | D:8      | Killed Psyche
  5297 | D:8      | Found a flagged portal.
  5299 | D:8      | XOM: silly message
  5321 | Bailey   | Entered a bailey
  5333 | Bailey   | XOM: confuse monster(s)
  5497 | Bailey   | XOM: enchant monster (good)
  5564 | Bailey   | Noticed an orc knight
  5597 | Bailey   | Killed an orc knight
  5597 | Bailey   | Reached skill level 10 in Armour
  5597 | Bailey   | Reached XP level 10. HP: 49/93 MP: 9/9
  5793 | Bailey   | XOM: blink monster(s)
  5797 | Bailey   | XOM: scenery: 3 doors close
  6064 | Bailey   | Noticed an orc knight
  6076 | Bailey   | XOM: chaos upgrade
  6079 | Bailey   | HP: 4/93 [orc knight/+0 glaive (19)]
  6087 | Bailey   | Identified a scroll of acquirement
  6088 | Bailey   | Got a translucent amber ring
  6095 | Bailey   | XOM: enchant monster (good)
  6099 | Bailey   | Identified the ring "Wuotran" {rCorr rPois Int+6} (You
                  | acquired it in a bailey)
  6116 | Bailey   | Killed an orc knight
  6122 | Bailey   | XOM: medium Tmut miscast
  6287 | Bailey   | XOM: cloud trail
  6336 | Bailey   | XOM: harmless Tloc miscast
  6469 | Bailey   | XOM: 3-stop teleportation journey
  6484 | Bailey   | XOM: god gift: wand of scattershot (4)
  6548 | D:8      | XOM: confuse monster(s)
  6607 | D:8      | Reached skill level 5 in Dodging
  7020 | D:9      | XOM: stealth player
  7095 | D:9      | Found a shimmering altar of Xom.
  7108 | D:9      | Lost mutation: You evolve. [potion of mutation]
  7108 | D:9      | Lost mutation: Your mind is very acute. (Int +4) [potion of
                  | mutation]
  7108 | D:9      | Lost mutation: You do not regenerate when monsters are
                  | visible. [potion of mutation]
  7108 | D:9      | Gained mutation: You are partially covered in iridescent
                  | scales. (AC +2) [potion of mutation]
  7108 | D:9      | Gained mutation: You are partially covered in yellow
                  | scales. (AC +2) [potion of mutation]
  7115 | D:9      | XOM: potion effect (berserk rage)
  7120 | D:9      | XOM: polymorph sky beast -> ogre
  7123 | D:9      | XOM: divination: detect creatures
  7396 | D:9      | XOM: harmless Necr miscast
  7448 | D:9      | XOM: harmless Ice miscast
  7457 | D:9      | XOM: harmless Conj miscast
  7494 | D:9      | Noticed Erica
  7499 | D:9      | XOM: potion effect (curing)
  7511 | D:9      | Killed Erica
  7551 | D:9      | Found a staircase to the Lair.
  7787 | D:9      | XOM: divination: detect items
  7794 | D:9      | Noticed an ice dragon
  8111 | D:9      | XOM: potion effect (brilliance)
  8113 | D:9      | XOM: butterfly on damage
  8116 | D:9      | XOM: silly message
  8122 | D:9      | Killed an ice dragon
  8122 | D:9      | Reached skill level 10 in Dodging
  8122 | D:9      | Reached XP level 11. HP: 22/99 MP: 10/10
  8194 | D:9      | Found the +7 great mace "Firestarter" {inner flame, rF++}
  8213 | D:9      | Got an ancient lapis lazuli ring
  8215 | D:9      | Got a scorched war axe
  8218 | D:9      | Identified the +4 war axe of the Traitor {elec, rF+ Int-4
                  | Dex+4} (You found it on level 9 of the Dungeon)
  8219 | D:9      | XOM: cloud trail
  8434 | D:10     | Entered Level 10 of the Dungeon
  8451 | D:10     | XOM: silly message
  8453 | D:10     | XOM: potion effect (heal wounds)
  8458 | D:10     | Reached skill level 1 in Maces & Flails
  8458 | D:10     | Reached skill level 2 in Maces & Flails
  8462 | D:10     | Reached skill level 3 in Maces & Flails
  8477 | D:10     | XOM: noise
  8481 | D:10     | Reached skill level 4 in Maces & Flails
  8538 | D:9      | XOM: harmless Air miscast
  8821 | D:10     | Reached skill level 5 in Maces & Flails
  8827 | D:10     | XOM: polymorph killer bee -> howler monkey
  8910 | D:10     | Reached skill level 6 in Maces & Flails
  8942 | D:10     | XOM: potion effect (curing)
  8992 | D:10     | Found a staircase to the Orcish Mines.
  9168 | D:10     | Identified the ring of Iptoakle {rElec rC- rN+++ AC+3
                  | Int-4} (You found it on level 9 of the Dungeon)
  9195 | D:11     | Reached skill level 7 in Maces & Flails
  9207 | D:11     | Reached skill level 8 in Maces & Flails
  9213 | D:11     | Upgraded the game from 0.23-a0-455-ge12115f to
                  | 0.23-a0-470-g6f7cfd9
  9339 | D:11     | Reached skill level 9 in Maces & Flails
  9343 | D:11     | XOM: confuse monster(s)
  9344 | D:11     | XOM: scenery: create altars
  9454 | D:11     | Reached skill level 10 in Maces & Flails
  9472 | D:11     | Noticed a green ugly thing
  9481 | D:11     | Killed a green ugly thing
  9498 | D:11     | Noticed Grum
  9498 | D:11     | XOM: potion effect (invisibility)
  9511 | D:11     | Reached skill level 11 in Maces & Flails
  9515 | D:11     | Killed Grum
  9665 | D:11     | Got a heavily runed golden ring
  9667 | D:11     | Identified the ring of the Salmon {rN+++ MR+ Str+5 Int-2
                  | SInv} (You found it on level 11 of the Dungeon)
  9723 | D:11     | XOM: mild Ice miscast
  9999 | D:12     | Reached XP level 12. HP: 77/106 MP: 7/11
 10003 | D:12     | Noticed a two-headed ogre
 10008 | D:12     | Killed a two-headed ogre
 10017 | D:12     | Reached skill level 12 in Maces & Flails
 10023 | D:12     | XOM: divination: magic mapping
 10025 | D:12     | XOM: summons 3 friendly demons
 10080 | D:12     | XOM: 3-stop teleportation journey
 10239 | D:12     | Noticed a five-headed hydra
 10248 | D:12     | Killed a five-headed hydra
 10332 | D:12     | XOM: 1-stop teleportation journey
 10553 | D:12     | XOM: 5-stop teleportation journey
 10644 | D:12     | XOM: harmless Tloc miscast
 10715 | D:12     | XOM: cast spell 'Alistair's Intoxication'
 10719 | D:12     | Reached skill level 13 in Maces & Flails
 10848 | D:12     | XOM: mild Hex miscast
 10863 | D:12     | XOM: 2-stop teleportation journey
 10968 | D:12     | XOM: smoke on damage
 10982 | D:12     | XOM: harmless Conj miscast
 11066 | D:12     | Found a portal to a secret trove of treasure.
 11323 | D:13     | Noticed a two-headed ogre
 11328 | D:13     | Killed a two-headed ogre
 11423 | D:13     | Noticed a death knight
 11459 | D:13     | Killed a death knight
 11459 | D:13     | Reached skill level 14 in Maces & Flails
 11517 | D:13     | Noticed a six-headed hydra
 11522 | D:13     | Killed a six-headed hydra
 11524 | D:13     | Noticed an ironheart preserver
 11551 | D:13     | Killed an ironheart preserver
 11620 | D:13     | XOM: harmless Tloc miscast
 11766 | D:13     | XOM: mild Pois miscast
 11804 | D:13     | Found a gate to the Vaults.
 11819 | D:13     | Noticed a six-headed hydra
 11826 | D:13     | Killed a six-headed hydra
 11879 | D:13     | Noticed Urug
 11880 | D:13     | XOM: noise
 11886 | D:13     | Killed Urug
 12042 | D:13     | XOM: 7-stop teleportation journey
 12042 | D:13     | Noticed a six-headed hydra
 12044 | D:13     | XOM: confuse monster(s)
 12045 | D:13     | XOM: cast spell 'Summon Butterflies'
 12081 | D:13     | Killed a six-headed hydra
 12081 | D:13     | Reached XP level 13. HP: 74/119 MP: 8/12
 12244 | D:13     | Found a bloodstained altar of Trog.
 12388 | D:13     | XOM: scenery: 1 doors close
 12421 | D:13     | Noticed Sonja
 12425 | D:13     | XOM: noise
 12585 | D:13     | Killed Sonja
 12758 | D:13     | XOM: give mutation
 12758 | D:13     | Gained mutation: Your body sometimes deteriorates upon
                  | taking damage. [Xom's mischief]
 12965 | D:14     | XOM: 3-stop teleportation journey
 13108 | D:14     | Found a sacrificial altar of Ru.
 13518 | D:14     | XOM: potion effect (curing)
 13775 | D:14     | XOM is BORED!
 13775 | D:14     | XOM: noise
 13784 | D:14     | Found a runed gate.
 13784 | D:14     | Noticed Usmiu's ghost (journeyman GnWn)
 13785 | D:14     | Found a runed gate.
 13785 | D:14     | Found an opulent altar of Gozag.
 13786 | D:14     | Found a runed gate.
 13830 | D:14     | Found Puem's Assorted Antiques.
 13847 | D:15     | Entered Level 15 of the Dungeon
 13856 | D:15     | Noticed Rupert
 13870 | D:15     | Killed Rupert
 13870 | D:15     | Reached skill level 15 in Fighting
 13925 | D:15     | XOM: cast spell 'Summon Small Mammal'
 14096 | D:14     | XOM: divination: detect creatures
 14199 | D:15     | Noticed Kirke
 14206 | D:15     | XOM: cast spell 'Dispersal'
 14212 | D:15     | Killed Kirke
 14263 | D:15     | XOM: harmless Hex miscast
 14324 | D:15     | XOM: 1-stop teleportation journey
 14585 | D:15     | XOM: harmless Fire miscast
 14618 | D:15     | Found Zech's Magic Scroll Shop.
 14753 | D:15     | Found a sparkling altar of Nemelex Xobeh.
 15058 | D:15     | Found a staircase to the Depths.
 15058 | D:15     | Noticed a dire elephant
 15067 | D:15     | Killed a dire elephant
 15384 | Lair:1   | Entered Level 1 of the Lair of Beasts
 15564 | Lair:1   | XOM: swap monsters
 15583 | Lair:1   | XOM: give mutations
 15583 | Lair:1   | Gained mutation: Your body often deteriorates upon taking
                  | damage. [Xom's mischief]
 15583 | Lair:1   | Gained mutation: Scrolls take you a little longer to read.
                  | [Xom's mischief]
 15584 | Lair:1   | Lost mutation: You tend to lose your temper in combat.
                  | [potion of mutation]
 15584 | Lair:1   | Lost mutation: Scrolls take you a little longer to read.
                  | [potion of mutation]
 15584 | Lair:1   | Lost mutation: Your mind is acute. (Int +2) [potion of
                  | mutation]
 15584 | Lair:1   | Gained mutation: You are clumsy. (Dex -2) [potion of
                  | mutation]
 15584 | Lair:1   | Lost mutation: Your body often deteriorates upon taking
                  | damage. [potion of mutation]
 15584 | Lair:1   | Lost mutation: You are clumsy. (Dex -2) [potion of
                  | mutation]
 15707 | Lair:1   | XOM: divination: magic mapping
 15710 | Lair:1   | XOM: cleaving
 15715 | Lair:1   | XOM: give mutations
 15715 | Lair:1   | Gained mutation: Your spells are a little harder to cast,
                  | but a little more powerful. [Xom's grace]
 15715 | Lair:1   | Gained mutation: You expend magic power (3 MP) to
                  | strengthen your wands. [Xom's grace]
 15715 | Lair:1   | Gained mutation: You have a beak for a mouth. [Xom's grace]
 15855 | Lair:1   | XOM: god gift: crude iron ring {god gift}
 15856 | Lair:1   | Got a crude iron ring {god gift}
 15858 | Lair:1   | Identified the ring of Doubts {+Fly rC+ Dex+3} (Xom gifted
                  | it to you on level 1 of the Lair of Beasts)
 15953 | Lair:1   | Found a runed gate.
 15953 | Lair:1   | Found a runed gate.
 15953 | Lair:1   | Found a runed gate.
 15962 | Lair:1   | XOM is BORED!
 15963 | Lair:1   | Noticed Pooter's ghost (journeyman MiFi)
 15978 | Lair:1   | XOM: confuse monster(s)
 15979 | Lair:1   | Killed Pooter's ghost
 15979 | Lair:1   | Reached XP level 14. HP: 122/135 MP: 11/13
 16347 | Lair:2   | XOM: divination: detect creatures
 16539 | Lair:2   | Found a staircase to the Swamp.
 16688 | Lair:3   | XOM: enchant monster (good)
 16861 | Lair:3   | XOM: enchant monster (bad)
 17260 | Lair:3   | XOM: harmless Erth miscast
 17617 | Lair:4   | Found a runed gate.
 17619 | Lair:4   | Found a runed gate.
 17621 | Lair:4   | Found a runed gate.
 17621 | Lair:4   | Noticed Firecrotchwizard's ghost (journeyman HOFi)
 17621 | Lair:4   | Noticed Shayle's ghost (journeyman DsCj)
 17622 | Lair:4   | Noticed TwoGrow's ghost (journeyman MfSu)
 17626 | Lair:4   | Found the +10 dark maul {crush}
 17644 | Lair:4   | Found a staircase to the Snake Pit.
 17791 | Lair:4   | XOM: divination: magic mapping
 17859 | Lair:4   | XOM: confuse monster(s)
 18029 | Lair:4   | XOM: give mutation
 18029 | Lair:4   | Gained mutation: You are partially covered in rugged brown
                  | scales. (AC +1, +3% HP) [Xom's grace]
 18200 | Lair:4   | XOM: cast spell 'Shadow Creatures'
 18216 | Lair:4   | Killed Shayle's ghost
 18219 | Lair:4   | Killed Firecrotchwizard's ghost
 18221 | Lair:4   | Killed TwoGrow's ghost
 18221 | Lair:4   | Reached skill level 15 in Armour
 18593 | Lair:5   | XOM: silly message
 18743 | Lair:5   | XOM: 3-stop teleportation journey
 18748 | Lair:5   | XOM: confuse monster(s)
 18766 | Lair:5   | XOM: potion effect (magic)
 18771 | Lair:5   | XOM: cast spell 'Call Canine Familiar'
 18776 | Lair:5   | XOM: smoke on damage
 18900 | Lair:5   | XOM: cast spell 'Summon Mana Viper'
 18986 | Lair:5   | Found a burning altar of Makhleb.
 19249 | Lair:5   | XOM: divination: detect items
 19295 | Lair:5   | XOM: cast spell 'Discord'
 19385 | Lair:5   | XOM is BORED!
 19385 | Lair:5   | XOM: summons 1 hostile demon
 19453 | Lair:6   | Entered Level 6 of the Lair of Beasts
 19520 | Lair:6   | XOM: divine lightning
 19621 | Lair:6   | XOM: god gift: arbalest {god gift}
 19647 | Lair:6   | XOM: scenery: create altars
 19794 | Lair:6   | XOM: give mutations
 19794 | Lair:6   | Gained mutation: You are somewhat resistant to further
                  | mutation. [Xom's grace]
 19794 | Lair:6   | Gained mutation: You have sharp toenails. [Xom's grace]
 19824 | Lair:6   | XOM: confuse monster(s)
 19830 | Lair:6   | Reached XP level 15. HP: 120/145 MP: 14/14
 19844 | Lair:6   | XOM: god gift: smoking pewter amulet {god gift}
 19856 | Lair:6   | Got a smoking pewter amulet {god gift}
 19858 | Lair:6   | Identified the amulet of Fassozxa {Gourm rF- Str+7} (Xom
                  | gifted it to you on level 6 of the Lair of Beasts)
 19953 | Lair:6   | XOM: give mutations
 19953 | Lair:6   | Gained mutation: Your flesh is heat resistant. (rF+) [Xom's
                  | grace]
 19953 | Lair:6   | Gained mutation: You have razor-sharp toenails. [Xom's
                  | grace]
 20021 | Lair:6   | Found a staircase to the Slime Pits.
 20082 | Lair:6   | XOM: 1-stop teleportation journey
 20155 | Lair:6   | XOM: scenery: 1 doors open
 20228 | Lair:6   | XOM: give mutations
 20228 | Lair:6   | Gained mutation: You are resistant to hostile enchantments.
                  | (MR+) [Xom's grace]
 20228 | Lair:6   | Gained mutation: You are highly resistant to hostile
                  | enchantments. (MR++) [Xom's grace]
 20228 | Lair:6   | Gained mutation: You are agile. (Dex +2) [Xom's grace]
 20302 | Lair:6   | XOM: blink monster(s)
 20513 | Lair:6   | XOM: summons 1 hostile demon
 20763 | Snake:1  | Entered Level 1 of the Snake Pit
 20949 | Snake:1  | XOM: mild Ice miscast
 20954 | Snake:1  | XOM: polymorph salamander -> yak
 20982 | Snake:1  | XOM: god gift: 21 sling bullets
 21210 | Snake:1  | XOM: medium Ice miscast
 21336 | Snake:1  | XOM: snakes to sticks
 21448 | Snake:1  | XOM: confuse monster(s)
 21649 | Snake:1  | Found Hywneu's Armour Shoppe.
 21729 | Snake:1  | XOM: cast spell 'Cause Fear'
 21777 | Snake:1  | XOM: harmless Summ miscast
 21797 | Snake:1  | Identified the +9 flail of Undoing {holy, Int+4 SInv
                  | Stlth+}
 22051 | Snake:2  | XOM: cast spell 'Chain of Chaos'
 22054 | Snake:2  | XOM: enchant monster (good)
 22620 | Snake:2  | XOM: harmless Necr miscast
 22668 | Snake:2  | Noticed Nikola
 22681 | Snake:2  | XOM: confusion (+ monsters)
 22686 | Snake:2  | XOM: enchant monster (good)
 22691 | Snake:2  | Killed Nikola
 22691 | Snake:2  | Reached skill level 15 in Dodging
 22730 | Snake:2  | XOM: summons 2 friendly demons
 22738 | Snake:2  | Noticed Vashnia
 22742 | Snake:2  | XOM: polymorph iron imp -> crimson imp
 22793 | Snake:2  | XOM: enchant monster (good)
 22796 | Snake:2  | HP: 3/145 [shock serpent/bolt of electricity (8)]
 23193 | Snake:2  | XOM: cast spell 'Death Channel'
 23265 | Snake:1  | XOM: divination: magic mapping
 23377 | Snake:2  | XOM: polymorph naga sharpshooter -> floating eye
 23395 | Snake:2  | Killed Vashnia
 23395 | Snake:2  | Reached skill level 15 in Maces & Flails
 23494 | Snake:2  | Noticed a nagaraja
 23498 | Snake:2  | Killed a nagaraja
 23540 | Snake:2  | XOM: scenery: 1 doors close
 23908 | Snake:2  | Found a runed gate.
 23908 | Snake:2  | Found a runed gate.
 23914 | Snake:2  | Found a runed gate.
 23914 | Snake:2  | Noticed JerikTelorian's ghost (journeyman MiBe)
 23935 | Snake:2  | XOM: confuse monster(s)
 23941 | Snake:2  | Reached XP level 16. HP: 137/153 MP: 15/15
 24430 | Snake:2  | XOM: scenery: create altars
 24513 | Snake:3  | XOM: cast spell 'Disjunction'
 24523 | Snake:3  | XOM: destruction
 24536 | Snake:3  | XOM: confuse monster(s)
 24547 | Snake:3  | Reached skill level 16 in Maces & Flails
 24559 | Snake:3  | XOM: cleaving
 24601 | Snake:3  | XOM: divine lightning
 24828 | Snake:3  | XOM: summons 3 friendly demons
 24877 | Snake:3  | XOM: confuse monster(s)
 24880 | Snake:3  | Reached skill level 17 in Maces & Flails
 24918 | Snake:3  | XOM: 2-stop teleportation journey
 24944 | Snake:3  | XOM: cloud trail
 25005 | Snake:3  | XOM: enchant monster (good)
 25399 | Snake:3  | XOM: god gift: club {god gift}
 25415 | Snake:3  | XOM: fog
 25432 | Snake:3  | XOM: scenery: create altars
 25555 | Snake:3  | Found Feojiysch's Book Shoppe.
 25630 | Snake:3  | Identified the +4 scale mail "Dial" {rCorr Int+3}
 25690 | Snake:3  | Reached skill level 18 in Maces & Flails
 25788 | Snake:3  | XOM: 1-stop teleportation journey
 25792 | Snake:3  | XOM: fog
 25854 | Snake:4  | Entered Level 4 of the Snake Pit
 25890 | Snake:4  | XOM: summons 8 friendly demons
 25897 | Snake:4  | XOM: enchant monster (good)
 26575 | Snake:4  | Reached skill level 19 in Maces & Flails
 26857 | Snake:4  | XOM: enchant monster (good)
 26870 | Snake:4  | XOM: confuse monster(s)
 26880 | Snake:4  | XOM: swap monsters
 26952 | Snake:4  | XOM: potion effect (brilliance)
 26974 | Snake:4  | Reached XP level 17. HP: 65/160 MP: 16/16
 27247 | Snake:4  | XOM: noise
 27386 | Snake:4  | XOM: cast spell 'Necromutation'
 27397 | Snake:4  | XOM: polymorph naga mage -> basilisk
 27492 | Snake:4  | Reached skill level 20 in Maces & Flails
 27533 | Snake:4  | XOM: enchant monster (good)
 27689 | Snake:4  | XOM: potion effect (agility)
 27714 | Snake:4  | XOM: harmless Chrm miscast
 27770 | Snake:4  | XOM: chaos upgrade
 27811 | Snake:4  | XOM: 1-stop teleportation journey
 27869 | Snake:4  | Got a serpentine rune of Zot
 27870 | Snake:4  | XOM: cleaving
 27968 | Snake:4  | XOM: summons 2 hostile shadow creatures
 28107 | Snake:4  | XOM: silly message
 28158 | Snake:4  | XOM: potion effect (brilliance)
 28166 | Snake:4  | XOM: enchant monster (good)
 28189 | Snake:4  | Upgraded the game from 0.23-a0-470-g6f7cfd9 to
                  | 0.24-a0-280-g7cec4da
 28401 | Swamp:1  | Entered Level 1 of the Swamp
 28619 | Swamp:1  | XOM: cast spell 'Summon Small Mammal'
 28683 | Swamp:1  | Identified Roxanne's Incunabulum of Transformation
 28683 | Swamp:1  | Noticed Roxanne
 28692 | Swamp:1  | XOM: confuse monster(s)
 28720 | Swamp:1  | XOM: summons 2 friendly demons
 28725 | Swamp:1  | Killed Roxanne
 28768 | Swamp:1  | XOM: divination: detect items
 28939 | Swamp:1  | XOM: 3-stop teleportation journey
 29009 | Swamp:1  | XOM: confuse monster(s)
 29548 | Swamp:1  | XOM: smoke on damage
 29635 | Swamp:1  | XOM: divination: detect creatures
 29722 | Swamp:2  | XOM: divination: magic mapping
 29726 | Swamp:2  | XOM: divination: magic mapping
 29744 | Swamp:2  | XOM: cast spell 'Leda's Liquefaction'
 29771 | Swamp:2  | Found a frozen archway.
 29797 | IceCv    | Entered an ice cave
 29919 | IceCv    | XOM: mild Tmut miscast
 30505 | IceCv    | XOM: god gift: leather armour {god gift}
 30573 | IceCv    | XOM: summons friendly crimson imp
 30582 | IceCv    | XOM: confuse monster(s)
 30706 | IceCv    | XOM: fog
 30762 | IceCv    | Noticed an Ice Fiend
 30783 | IceCv    | XOM: smoke on damage
 30784 | IceCv    | XOM: cleaving
 30786 | IceCv    | Killed from afar by an Ice Fiend

Levels and vault maps discovered:
D:1:      minmay_arrival_open_corners
D:2:      minmay_misc_feat_room, uniq_robin
D:3:      minmay_diamond_boxcup, okawaru_trees_2
D:4:      kennysheep_big_flooded_room, gammafunk_ghost_grave,
          grunt_ministairs_2, lemuel_altar_in_water, uniq_duvessa
D:5:      marbit_many_paths, minmay_temple_entry_ruins, first_ration,
          serial_shops, nicolae_shop_trees, corexii_shack
D:7:      grunt_qazlal_clouds, uniq_joseph, uniq_pikel
D:8:      enter_bailey_2, the_bakery, uniq_psyche
D:9:      dragon1_lemuel, david_lair_generic, basic_altar, uniq_erica
D:10:     david_orc_2
D:11:     uniq_grum
D:12:     trove_entry_hex_spiral
D:13:     skrybe_vaults_entry_preservation, basic_altar, uniq_sonja, uniq_urug
D:14:     nicolae_ru_sacrificial_ziggurat, ebering_ghost_gozag
D:15:     hangedman_depths_entry_try_elsewhere_first, serial_shops, shop,
          chequers_arboretum, dk_noncrumbling_3, nemelex_diamond_rough_becter,
          uniq_rupert, uniq_kirke
Temple:   nicolae_temple_the_god_donut
Lair:1:   ebering_ghost_rock_garden
Lair:2:   minmay_swamp_entry_worms, nzn_random_ring
Lair:3:   lemuel_fruit_tree, serial_bayou_shore_b
Lair:4:   dummy_snake_entry, gammafunk_ghost_cemetery, minmay_lair_oklob_items,
          infiniplex_staircase_pool_2
Lair:5:   lemuel_oklob_altar, infiniplex_staircase_pool, grunt_megastairs_3,
          minmay_lair_oklob_chamber
Lair:6:   evilmike_catoblepas_cave, dpeg_slime_entry_corner,
          chequers_serial_rivers_micro_b
Swamp:1:  layout_basic_swamp, nicolae_swamp_fairy_circle, swamp_pool5,
          uniq_roxanne
Swamp:2:  layout_basic_swamp, portal_ice_cave_entry_frozen_things,
          nicolae_swamp_rocky_clearing
Snake:1:  cheibrodos_snake_lava_hold, serial_shops, shop_statue,
          grunt_ministairs_11
Snake:2:  gammafunk_ghost_split, st_stairs_11, uniq_nikola, uniq_vashnia
Snake:3:  dpeg_oklob_gauntlet, serial_shops, shop, st_stairs_1, spider_trap,
          nrook_guardian_serpent_double
Snake:4:  snake_pit, grunt_ministairs_5
IceCv:    ice_cave_caverns_03

Skill      XL: |  1  2  3  4  5  6  7  8  9 10 11 12 13 14 15 16 17 |
---------------+----------------------------------------------------+-----
Axes           | 4 5 6 7 8 9 11 | 11.2
Fighting       | 4 10 12 15 17 | 17.4
Armour         | 10 13 17 | 17.0
Dodging        | 10 11 15 | 15.3
Maces & Flails | 11 14 15 19 20 | 20.7

Action                   |  1- 3 |  4- 6 |  7- 9 | 10-12 | 13-15 | 16-18 || total
-------------------------+-------+-------+-------+-------+-------+-------++-------
Melee: Hand axe          |    92 |   143 |   257 |       |       |       ||   492
       Headbutt          |     8 |    19 |    63 |    97 |   185 |   174 ||   546
       Battleaxe         |       |       |    44 |   161 |       |       ||   205
       Great mace        |       |       |       |   302 |   566 |   515 ||  1383
       Peck              |       |       |       |       |   131 |   156 ||   287
  Use: Scroll            |     6 |     4 |     9 |     9 |     6 |       ||    34
       Potion            |       |       |       |     5 |     3 |     1 ||     9
 Stab: Petrified         |     1 |       |     4 |       |     2 |       ||     7
       Sleeping          |       |     1 |     1 |       |       |       ||     2
       Confused          |       |       |     6 |     1 |     2 |     2 ||    11
       Paralysed         |       |       |     2 |       |       |       ||     2
  Eat: Chunk             |       |     5 |    12 |    22 |    50 |    21 ||   110
       Ration            |       |       |       |       |     3 |       ||     3
Armor: Leather armour    |    37 |    40 |    35 |       |       |       ||   112
       Plate armour      |       |       |    86 |   387 |   353 |   237 ||  1063
Dodge: Dodged            |    54 |    61 |    98 |   366 |   406 |   413 ||  1398
       Deflected         |       |       |     3 |    19 |     2 |       ||    24
Block: Other             |       |       |    22 |    61 |       |       ||    83
       Reflection        |       |       |     1 |     3 |       |       ||     4

Table legend:
 A = Non-vault XP
 B = Vault XP
 C = Vault XP percentage of total XP
 D = Non-vault monster count
 E = Vault monster count
 F = Vault count percentage of total count
                 A         B        C        D         E       F
            +---------+---------+-------+---------+---------+-------
      Total |  154625 |  117647 |  43.2 |     613 |     298 |  32.7
            +---------+---------+-------+---------+---------+-------
        D:1 |      19 |       0 |   0.0 |      13 |       0 |   0.0
        D:2 |      55 |      34 |  38.2 |      15 |      11 |  42.3
        D:3 |      60 |      19 |  24.1 |      19 |       7 |  26.9
        D:4 |     487 |     262 |  35.0 |      28 |       8 |  22.2
        D:5 |     390 |       8 |   2.0 |      16 |       2 |  11.1
        D:6 |     558 |       0 |   0.0 |      11 |       0 |   0.0
        D:7 |     947 |    1063 |  52.9 |      23 |       2 |   8.0
        D:8 |    1060 |     678 |  39.0 |      15 |       2 |  11.8
        D:9 |    1873 |    2519 |  57.4 |      26 |       6 |  18.8
       D:10 |    2964 |     154 |   4.9 |      38 |       7 |  15.6
       D:11 |    5908 |     667 |  10.1 |      45 |       5 |  10.0
       D:12 |    6377 |       0 |   0.0 |      27 |       0 |   0.0
       D:13 |    6302 |    5755 |  47.7 |      30 |      11 |  26.8
       D:14 |    7440 |       0 |   0.0 |      21 |       0 |   0.0
       D:15 |    2876 |    9409 |  76.6 |      11 |       9 |  45.0
     Lair:1 |    3700 |    1043 |  22.0 |      16 |       1 |   5.9
     Lair:2 |     571 |    3308 |  85.3 |       4 |      12 |  75.0
     Lair:3 |    4072 |       0 |   0.0 |      21 |       0 |   0.0
     Lair:4 |    1049 |    4065 |  79.5 |       4 |       4 |  50.0
     Lair:5 |    8439 |    5300 |  38.6 |      26 |      14 |  35.0
     Lair:6 |   10365 |   11394 |  52.4 |      34 |      23 |  40.4
    Swamp:1 |   15004 |    2279 |  13.2 |      33 |       4 |  10.8
    Swamp:2 |    7264 |    1077 |  12.9 |      12 |       3 |  20.0
    Snake:1 |    8927 |    6869 |  43.5 |      16 |      13 |  44.8
    Snake:2 |   15899 |   13201 |  45.4 |      29 |       9 |  23.7
    Snake:3 |   27642 |    3378 |  10.9 |      54 |       6 |  10.0
    Snake:4 |   14377 |   35973 |  71.4 |      26 |      56 |  68.3
     Bailey |       0 |    1901 | 100.0 |       0 |      39 | 100.0
      IceCv |       0 |    7291 | 100.0 |       0 |      44 | 100.0
            +---------+---------+-------+---------+---------+-------
